AoeStats
← The Chinese are all stupid

Pilgrims

510143725Analyzed
4v4 RM · 2d ago on Sep 29, 2026· 24m 11s· 8 players
Game mode
Random Map
Map size
Large (8 player)
Population
200
Speed
Normal
Resources
Standard
Victory
Conquest
Starting age
Dark Age
Ending age
Imperial Age
RankedLock teamsTeams togetherTeam positionsShared explorationLock speedFull tech treeHidden civsTurbo modeCheats
Victory
Defeat
🇸🇮 Italians · Slovenia
1440
+14
🇦🇷 Maya · Argentina
1423
+15
🇲🇽 Persians · Mexico
1411
+15
🇵🇪 Malians · Peru
1288
+20
🇨🇳 Spanish · China
1455
-19
🇺🇸 Lithuanians · United States
1391
-16
🇷🇺 Malians · Russia
1370
-15
🇯🇵 Britons · Japan
1342
-14
sada-aki
10:08 Loom
12:58 Feudal Age
13:34 Double-Bit Axe
16:31 Castle Age
16:01 Horse Collar
16:15 Stone Mining
16:15 Gold Mining
17:35 Bow Saw
17:41 Treadmill Crane
20:02 Fletching
20:12 Padded Archer Armor
22:13 Bodkin Arrow
22:45 Ballistics
22:56 Crossbowman
Абэма
6:30 Loom
9:44 Feudal Age
12:34 Horse Collar
21:24 Castle Age
21:40 Double-Bit Axe
24:16 Bow Saw
Ren
4:46 Loom
10:22 Feudal Age
13:59 Castle Age
11:55 Double-Bit Axe
12:52 Horse Collar
13:45 Gold Mining
14:59 Bow Saw
18:41 Padded Archer Armor
19:26 Fletching
The Chinese are all stupid
3:23 Loom
11:48 Feudal Age
13:28 Fletching
14:19 Double-Bit Axe
18:30 Castle Age
18:38 Fishing Lines
19:45 Medium Warships
19:32 Bodkin Arrow
20:47 Wheelbarrow
19:58 Town Watch
21:07 Bow Saw
24:23 Wheelbarrow
:) YO30830
6:08 Loom
9:45 Feudal Age
10:08 Double-Bit Axe
11:12 Fishing Lines
16:47 Castle Age
17:26 Medium Warships
17:08 Gillnets
19:00 Siphons
19:07 Clinker Construction
kraquen
7:00 Loom
12:04 Feudal Age
17:18 Castle Age
Mr. Weedman
6:38 Loom
9:34 Feudal Age
13:40 Castle Age
13:16 Horse Collar
14:35 Fletching
14:30 Fishing Lines
15:37 Bodkin Arrow
17:38 Double-Bit Axe
21:00 Wheelbarrow
22:37 Ballistics
felixaleman1010
4:07 Loom
12:09 Feudal Age
12:56 Fishing Lines
13:30 Double-Bit Axe
16:44 Castle Age
15:01 Stone Mining
15:22 Fletching
15:32 Padded Archer Armor
17:10 Padded Archer Armor
18:07 Bodkin Arrow
18:28 Leather Archer Armor
18:45 Medium Warships
18:47 Gillnets
22:36 Scale Mail Armor
22:46 Forging
22:36 Scale Mail Armor
25:07 Iron Casting
24:47 Chain Mail Armor
Connection lost

Rejoining the realm…

Still unreachable

The connection could not be restored.

Session expired

The server has moved on; the page needs a fresh start.